 Dungeon Crawl Stone Soup version 0.28-a0-1447-ga5a8893891 (webtiles) character file.

Game seed: 10984580070362437500

95 tgiblernsday the Chopper (level 4, 0/40 HPs)
             Began as a Hill Orc Fighter on Jan 11, 2022.
             Slain by Sigmund (3 damage)
             ... on level 2 of the Dungeon.
             The game lasted 00:07:00 (1535 turns).

tgiblernsday the Chopper (Hill Orc Fighter)         Turns: 1535, Time: 00:07:01

Health: 0/40       AC: 13    Str: 20    XL:     4   Next: 66%
Magic:  4/4        EV:  5    Int:  8    God:
Gold:   61         SH:  4    Dex: 10    Spells: 3/3 levels left

rFire   . . .      SeeInvis .   a - +0 war axe
rCold   . . .      Faith    .   c - +0 buckler
rNeg    . . .      Spirit   .   g - +0 plate armour
rPois   .          Reflect  .   e - +2 hat
rElec   .          Harm     .   (no cloak)
rCorr   .          Rampage  .   (no gloves)
Will    .....                   (no boots)
Stlth   ..........              (no amulet)
HPRegen 0.13/turn               (no ring)
MPRegen 0.09/turn               (no ring)

@: no status effects
A: no striking features
a: no special abilities


You were on level 2 of the Dungeon.
You visited 1 branch of the dungeon, and saw 2 of its levels.

You collected 61 gold pieces.

Inventory:

Hand Weapons
 a - a +0 war axe (weapon)
Missiles
 f - 72 stones (quivered)
Armour
 c - a +0 buckler (worn)
 e - a +2 hat (worn)
 g - a +0 plate armour (worn)
Scrolls
 b - a scroll of silence {unknown}
Potions
 d - a potion of might


   Skills:
 + Level 4.0 Fighting
 + Level 4.6 Axes
 + Level 1.0 Throwing
 + Level 3.8 Armour
 + Level 0.1 Dodging
 + Level 3.6 Shields


You had 3 spell levels left.
You didn't know any spells.
Your spell library was empty.

Dungeon Overview and Level Annotations

Branches:
Dungeon (2/15)

Altars:

Annotations:
D:2 1 runed translucent door, Crazy Yiuf, Sigmund


Message History

Sigmund flickers and vanishes!
Deactivating autopickup; reactivate with Ctrl-A.
You feel less confused.
You hear some strange, mumbled words.
Something tries to affect you, but you resist.
Something hits you but does no damage.
You hit something. Something hits you. Something hits you.
You hit something. Something hits you but does no damage.
You miss something. Something hits you!
You barely miss something. You miss something. You block something's attack.
You closely miss something.
You hear some strange, mumbled words.
A magic dart appears from out of thin air!
The magic dart hits you.
You closely miss something. Something hits you.
You closely miss something. Something hits you but does no damage.
You closely miss something. Something hits you.
You miss something. Something hits you but does no damage.
You closely miss something.
Sigmund appears from thin air!
Reactivating autopickup.
Sigmund mumbles some strange words.
Sigmund flickers and vanishes!
Deactivating autopickup; reactivate with Ctrl-A.
You barely miss something.
You hear some strange, mumbled words.
A magic dart appears from out of thin air!
The magic dart hits you but does no damage.
You miss something. Something hits you.
You closely miss something. Something hits you.
You closely miss something. Something hits you.
You barely miss something. Something hits you!
* * * LOW HITPOINT WARNING * * *
You closely miss something. Something hits you!
* * * LOW HITPOINT WARNING * * *
You closely miss something. You barely miss something. Something hits you.
You die...

#.# #.#
#.#############.#.###
#.#.................
#.#.######..###....# #.#.#
#..# #.# #.#.#### #..# ..#
# #......# #..#####.# ##
###.##.###...@{...##
.####.........#####...####
.')..............{.......'.
.####...#.###.##.........#.
## ##.##.# #.##.###.###.# #
#.# # #.##.# .# # #.#
#.##.# .# #.. ..##.# ## ###
####..


There were no monsters in sight!

Vanquished Creatures
  Terence (D:2)
  3 gnolls (D:2)
  A worm (D:2)
  A dart slug (D:1)
  4 ball pythons
  An endoplasm (D:1)
  6 goblins
  7 jackals (D:2)
  A quokka (D:1)
  5 bats
  A frilled lizard (D:1)
  4 kobolds
  2 rats
37 creatures vanquished.

Notes
Turn   | Place    | Note
-------+----------+-------------------------------------------
     0 | D:1      | tgiblernsday the Hill Orc Fighter began the quest for the
                  | Orb.
     0 | D:1      | Reached XP level 1. HP: 19/19 MP: 1/1
   271 | D:1      | Reached XP level 2. HP: 22/27 MP: 2/2
   944 | D:2      | Reached XP level 3. HP: 33/33 MP: 3/3
  1159 | D:2      | Reached XP level 4. HP: 26/40 MP: 4/4
  1337 | D:2      | Found a runed translucent door.
  1339 | D:2      | Noticed Crazy Yiuf
  1398 | D:2      | Noticed Terence
  1410 | D:2      | Killed Terence
  1415 | D:2      | Reached skill level 1 in Throwing
  1490 | D:2      | Noticed Sigmund
  1533 | D:2      | HP: 2/40 [something (9)]
  1535 | D:2      | Slain by Sigmund

Illustrated notes

Levels and vault maps discovered:
D:1:      kilobyte_arrival_exit_the_forest, layout_rooms,
          roderic_cross_of_infinity, serial_bayou_pond_d
D:2:      layout_loops_corners, uniq_jessica, uniq_crazy_yiuf_cottage,
          uniq_sigmund, uniq_terence

Skill      XL: |  1  2  3  4 |
---------------+-------------+-----
Axes           | 3 4 |  4.6
Fighting       | 4 |  4.0
Throwing       | 1 |  1.0
Armour         | |  3.8
Dodging        | |  0.1
Shields        | |  3.6

Action                   |  1- 3 |  4- 6 || total
-------------------------+-------+-------++-------
Melee: War axe           |    59 |    56 ||   115
Throw: Stone             |    50 |     4 ||    54
Armor: Scale mail        |     4 |       ||     4
       Plate armour      |    28 |    33 ||    61
Dodge: Dodged            |    20 |    15 ||    35
Block: Buckler           |    10 |    11 ||    21

Table legend: (Time is in decaauts)
 A = Elapsed time spent in this place.
 B = Non-inter-level travel time spent in this place.
 C = Inter-level travel time spent in this place.
 D = Time resting spent in this place.
 E = Time spent auto-exploring this place.
 F = Levels seen in this place.
 G = Mean time per level.
                   A        B        C        D        E       F      G
               +--------+--------+--------+--------+--------+-----+--------+
         Total |   1593 |   1532 |     61 |    128 |   1010 |   2 |  796.5 |
       Dungeon |   1593 |   1532 |     61 |    128 |   1010 |   2 |  796.5 |
               +--------+--------+--------+--------+--------+-----+--------+

Top non-repeatable levels by time:
     D:1: 936 daAuts
     D:2: 656 daAuts
